 Dungeon Sprint DCSS version 0.27.0-65-ge2af304b15 (webtiles) character file.

Game seed: 14468924350675209468

0 ABBCCCDDDD the Chopper (level 1, -15/19 HPs)
             Began as a Minotaur Berserker on Aug 18, 2021.
             Was a Follower of Trog.
             Demolished by a merfolk siren (16 damage)
             ... in the Dungeon (Sprint II: "The Violet Keep of Menkaure").
             The game lasted 00:00:11 (23 turns).

ABBCCCDDDD the Chopper (Minotaur Berserker)           Turns: 23, Time: 00:00:12

Health: -15/19     AC:  2    Str: 21    XL:     1   Next: 0%
Magic:  0/0        EV: 12    Int:  4    God:    Trog [*.....]
Gold:   0          SH:  0    Dex:  9    Spells: 0/0 levels left

rFire    . . .     SeeInvis .   a - +0 hand axe
rCold    . . .     Faith    .   (no shield)
rNeg     . . .     Spirit   .   b - +0 animal skin
rPois    .         Reflect  .   (helmet restricted)
rElec    .         Harm     .   (no cloak)
rCorr    .         Rampage  .   (no gloves)
Will     .....     NoTele   +   (no boots)
Stlth    +.........             (no amulet)
HPRegen  0.06/turn              (no ring)
MPRegen  0.07/turn              (no ring)

@: mesmerised
A: horns 2, retaliatory headbutt
a: Renounce Religion, Berserk


You were in the Dungeon.
You worshipped Trog.
Trog was aware of your devotion.
You visited 1 branch

Inventory:

Hand Weapons
 a - a +0 hand axe (weapon)
Armour
 b - a +0 animal skin (worn)
Scrolls
 h - a scroll of blinking
Potions
 c - a potion of curing
 d - a potion of heal wounds
 e - a potion of haste
 f - 2 potions of magic
 g - a potion of berserk rage


   Skills:
 + Level 3.6 Fighting
 + Level 3.6 Axes
 + Level 2.4 Armour
 + Level 2.1 Dodging


You couldn't memorise any spells.
You didn't know any spells.
Your spell library was empty.

Dungeon Overview and Level Annotations

Branches:
Dungeon (1/1)

Altars:


Innate Abilities, Weirdness & Mutations

You have a pair of horns on your head.
You reflexively headbutt those who attack you in melee.


Message History

The merfolk siren chants its luring song.
You miss the merfolk siren.
You headbutt the merfolk siren, but do no damage.
The merfolk siren is severely wounded.
The merfolk siren chants its luring song.
You closely miss the merfolk siren. Your headbutt misses the merfolk siren.
The merfolk siren is severely wounded.
The merfolk siren chants its luring song.
You hit the merfolk siren but do no damage.
The merfolk siren is severely wounded.
The merfolk siren hits you with a +0 spear.
You barely miss the merfolk siren. Your headbutt misses the merfolk siren.
The merfolk siren is severely wounded.
The merfolk siren hits you with a +0 spear!
Ouch! That really hurt!
* * * LOW HITPOINT WARNING * * *
You closely miss the merfolk siren. Your headbutt misses the merfolk siren.
The merfolk siren is severely wounded.
The merfolk siren chants its luring song.
Okay, then.
You hit the merfolk siren.
The merfolk siren is severely wounded.
The merfolk siren chants its luring song.
You hit the merfolk siren. Your headbutt misses the merfolk siren.
The merfolk siren is almost dead.
The merfolk siren chants its luring song.
You hit the merfolk siren but do no damage.
The merfolk siren is almost dead.
The merfolk siren chants its luring song.
The merfolk siren completely misses you.
You furiously retaliate!
You headbutt the merfolk siren.
You hit the merfolk siren but do no damage.
Your headbutt misses the merfolk siren.
The merfolk siren is almost dead.
The merfolk siren chants its luring song.
You miss the merfolk siren.
The merfolk siren is almost dead.
The merfolk siren hits you with a +0 spear!
Ouch! That really hurt!
You die...

## ##
##. .##
#..#m.#
#.@.#
##'##
##.##
+.<.+
##.##
#+#


You could see a merfolk siren (mesmerising).

Levels and vault maps discovered:
D:        the_violet_keep_of_menkaure [sprint2_stairs_cluster_1,
          sprint2_shoproom, sprint2_temple, sprint2_basic_supplies,
          sprint2_obstacle_4, sprint2_obstacle_1, sprint2_obstacle_7,
          sprint2_obstacle_2, sprint2_obstacle_6, sprint2_timed_cluster_1,
          sprint2_smallroom_cluster_1, sprint2_smallroom_final_cluster_1,
          sprint2_transparent_cluster_1, sprint2_second_timed_cluster_1,
          sprint2_sniper_area_1, sprint2_heavy_combat_area_1,
          sprint2_mutation_trap_area_1, sprint2_forest_area_1,
          sprint2_light_combat_area_1, sprint2_behind_water_1,
          sprint2_near_end_vault_1]

Notes
Turn   | Place    | Note
-------+----------+-------------------------------------------
     0 | D        | ABBCCCDDDD the Minotaur Berserker began the quest for the
                  | Orb.
     0 | D        | Reached XP level 1. HP: 19/19 MP: 0/0
     1 | D        | Noticed a merfolk siren
    12 | D        | Killed a water moccasin
    20 | D        | Killed Menkaure
    23 | D        | Demolished by a merfolk siren

Table legend: (Time is in decaauts)
 A = Elapsed time spent in this place.
 B = Non-inter-level travel time spent in this place.
 C = Inter-level travel time spent in this place.
 D = Time resting spent in this place.
 E = Time spent auto-exploring this place.
 F = Levels seen in this place.
 G = Mean time per level.
                   A        B        C        D        E       F      G
               +--------+--------+--------+--------+--------+-----+--------+
         Total |     25 |     25 |      0 |      0 |      0 |   1 |   25.0 |
       Dungeon |     25 |     25 |      0 |      0 |      0 |   1 |   25.0 |
               +--------+--------+--------+--------+--------+-----+--------+

Top non-repeatable levels by time:
       D: 25 daAuts

Action                   || total
-------------------------++-------
Melee: Hand axe          ||    20
       Headbutt          ||     2
Dodge: Dodged            ||     1

Vanquished Creatures (others)
  Menkaure (D)
  A water moccasin (D)
2 creatures vanquished.
